 Dungeon Crawl Stone Soup version 0.27-a0-1612-gde56a17b89 (webtiles) character file.

Game seed: 1719840626730528013

184 Sin92 the Skirmisher (level 5, -2/41 HPs)
             Began as a Demonspawn Fighter on July 22, 2021.
             Killed from afar by SirDiesAlot's ghost (10 damage)
             ... with a magic dart
             ... on level 3 of the Dungeon.
             The game lasted 00:02:51 (3162 turns).

Sin92 the Skirmisher (Demonspawn Fighter)           Turns: 3162, Time: 00:02:51

Health: -2/41      AC:  6    Str: 17    XL:     5   Next: 36%
Magic:  5/5        EV:  7    Int:  9    God:
Gold:   117        SH:  9    Dex: 13    Spells: 4/4 levels left

rFire    . . .     SeeInvis .   a - +1 long sword (drain)
rCold    . . .     Faith    .   c - +0 kite shield
rNeg     . . .     Spirit   .   b - +0 scale mail
rPois    .         Reflect  .   (helmet restricted)
rElec    .         Harm     .   (no cloak)
rCorr    .         Rampage  .   (no gloves)
Will     .....                  (no boots)
Stlth    ..........             (no amulet)
HPRegen  0.13/turn              (no ring)
MPRegen  0.09/turn              (no ring)

@: flying
A: antennae 1, ignite blood 1, spiny 1
a: no special abilities


You were on level 3 of the Dungeon.
You visited 1 branch of the dungeon, and saw 3 of its levels.

You collected 117 gold pieces.

Inventory:

Hand Weapons
 a - a +1 long sword of draining (weapon)
Missiles
 i - 3 atropa-tipped darts (quivered)
Armour
 b - a +0 scale mail (worn)
 c - a +0 kite shield (worn)
Wands
 g - a wand of polymorph (8)
Scrolls
 e - a scroll of teleportation
 k - a scroll of noise
Potions
 d - 4 potions of might
 f - a potion of flight


   Skills:
 + Level 3.6 Fighting
 * Level 3.2 Long Blades
 + Level 3.3 Armour
 + Level 1.5 Dodging
 + Level 3.3 Shields


You had 4 spell levels left.
You didn't know any spells.
Your spell library contained the following spells:

 Spells                   Type           Power      Damage    Failure   Level
 Apportation              Tloc           0%         N/A       99%         1
 Corona                   Hex            0%         N/A       99%         1
 Shock                    Conj/Air       0%         1d3       99%         1
 Ensorcelled Hibernation  Hex/Ice        0%         N/A       100%        2
 Ignite Poison            Fire/Tmut/Pois 0%         N/A       100%        3
 Mephitic Cloud           Conj/Pois/Air  0%         N/A       100%        3
 Swiftness                Air            0%         N/A       100%        3
 Tukima's Dance           Hex            0%         N/A       100%        3
 Airstrike                Air            0%         N/A       100%        4
 Alistair's Intoxication  Tmut/Pois      0%         N/A       100%        5
 Bolt of Magma            Conj/Fire/Erth 0%         4d4       100%        5
 Invisibility             Hex            0%         N/A       100%        6


Dungeon Overview and Level Annotations

Branches:
Dungeon (3/15)

Altars:

Annotations:
D:3 SirDiesAlot's ghost, amateur DECj


Innate Abilities, Weirdness & Mutations

You have a pair of small antennae on your head.
Your demonic aura sometimes causes spilled blood to erupt in flames.
You are partially covered in sharp spines.


Message History

SirDiesAlot's ghost is severely damaged.
You block SirDiesAlot's ghost's attack. x2
You hit SirDiesAlot's ghost.
SirDiesAlot's ghost is severely damaged.
SirDiesAlot's ghost gestures at you while chanting.
The magic dart hits you but does no damage.
You hit SirDiesAlot's ghost.
SirDiesAlot's ghost is severely damaged.
SirDiesAlot's ghost points at you and mumbles some strange words.
The magic dart hits you.
SirDiesAlot's ghost hits you but does no damage.
You closely miss SirDiesAlot's ghost.
SirDiesAlot's ghost is severely damaged.
SirDiesAlot's ghost points at you and mumbles some strange words.
The magic dart hits you but does no damage.
You barely miss SirDiesAlot's ghost.
SirDiesAlot's ghost is severely damaged.
SirDiesAlot's ghost points at you and mumbles some strange words.
The magic dart hits you.
SirDiesAlot's ghost gestures at you while chanting.
The magic dart hits you.
You closely miss SirDiesAlot's ghost.
SirDiesAlot's ghost is severely damaged.
SirDiesAlot's ghost gestures at you while chanting.
The magic dart hits you.
You barely miss SirDiesAlot's ghost.
SirDiesAlot's ghost is severely damaged.
You block SirDiesAlot's ghost's attack.
SirDiesAlot's ghost points at you and mumbles some strange words.
The magic dart hits you!
* * * LOW HITPOINT WARNING * * *
You hit SirDiesAlot's ghost but do no damage.
SirDiesAlot's ghost is severely damaged.
SirDiesAlot's ghost hits you but does no damage.
It was a potion of flight.
You feel very buoyant.
You fly up into the air.
SirDiesAlot's ghost casts a spell at you.
The magic dart hits you!
You die...

#.# #.##.###...#.÷..# #(....#
#.####.#############.###.###.#
..^....# #.#.#.#.........# #.#
# #.###### #.....#..####.###
#.# # #.# ####[...'..# #.# #.#
# #.######.#.$...'..# #.# #.#
# .........##....'Z## #.# #.#
# #.########....Z#W# #.#####.#
# #.# #.#.#.#@### #....##.####
#.##############...#
#...........
#.....)....÷.......#
##...#..####
>..######.######...########.##
##>##.....# ##............#
##.##.##### ###########..#
......# ####..#### .#.#..#
#......... .#.#..# ##########
#.......##


You could see SirDiesAlot's ghost, a water moccasin zombie and a killer bee
zombie.

Vanquished Creatures
  Jessica (D:2)
  4 gnolls (D:3)
  3 adders
  3 dart slugs
  6 bats
  7 endoplasms
  5 giant cockroaches
  10 goblins
  5 hobgoblins
  9 jackals
  7 kobolds
  4 quokkas
  8 ball pythons
  2 frilled lizards
  A rat (D:2)
75 creatures vanquished.

Vanquished Creatures (others)
  4 fungi (D:3)
  6 plants (D:3)
10 creatures vanquished.

Grand Total: 85 creatures vanquished

Notes
Turn   | Place    | Note
-------+----------+-------------------------------------------
     0 | D:1      | Sin92 the Demonspawn Fighter began the quest for the Orb.
     0 | D:1      | Reached XP level 1. HP: 18/18 MP: 1/1
    96 | D:1      | Gained mutation: Your demonic aura sometimes causes spilled
                  | blood to erupt in flames. [demonic ancestry]
    96 | D:1      | Reached XP level 2. HP: 24/24 MP: 2/2
   446 | D:1      | Gained mutation: You are partially covered in sharp spines.
                  | [demonic ancestry]
   446 | D:1      | Reached XP level 3. HP: 29/29 MP: 3/3
   731 | D:1      | Reached skill level 1 in Dodging
  1227 | D:2      | Noticed Jessica
  1344 | D:2      | Killed Jessica
  1345 | D:2      | Gained mutation: You have a pair of small antennae on your
                  | head. [demonic ancestry]
  1345 | D:2      | Reached XP level 4. HP: 23/35 MP: 4/4
  2199 | D:3      | Reached XP level 5. HP: 23/41 MP: 5/5
  2665 | D:3      | Found a runed translucent gate.
  2666 | D:3      | Found a runed translucent gate.
  2667 | D:3      | Found a runed translucent gate.
  2668 | D:3      | Noticed SirDiesAlot's ghost (amateur DECj)
  2759 | D:3      | Found a faded altar of an unknown god.
  3162 | D:3      | Killed from afar by SirDiesAlot's ghost

Illustrated notes

Levels and vault maps discovered:
D:1:      tarquinn_simple_flora_water_a, layout_loops_ring
D:2:      layout_basic, uniq_jessica
D:3:      layout_loops_ring, gammafunk_ghost_necromancy,
          dreamdust_ecumenical_altar_grove, chequers_serial_rivers_large_b

Skill      XL: |  1  2  3  4 |
---------------+-------------+-----
Long Blades    | 2 3 |  3.2
Shields        | 3 |  3.3
Armour         | 3 |  3.3
Dodging        | 1 |  1.5
Fighting       | |  3.6

Action                   |  1- 3 |  4- 6 || total
-------------------------+-------+-------++-------
Melee: Long sword        |    89 |    89 ||   178
  Use: Scroll            |       |     6 ||     6
       Potion            |       |     1 ||     1
Armor: Scale mail        |    42 |    25 ||    67
Dodge: Dodged            |    30 |    24 ||    54
Block: Kite shield       |    37 |    50 ||    87
       Rpst.: Long sword |     5 |     5 ||    10

Table legend: (Time is in decaauts)
 A = Elapsed time spent in this place.
 B = Non-inter-level travel time spent in this place.
 C = Inter-level travel time spent in this place.
 D = Time resting spent in this place.
 E = Time spent auto-exploring this place.
 F = Levels seen in this place.
 G = Mean time per level.
                   A        B        C        D        E       F      G
               +--------+--------+--------+--------+--------+-----+--------+
         Total |   3278 |   3206 |     72 |    196 |   2513 |   3 | 1092.7 |
       Dungeon |   3278 |   3206 |     72 |    196 |   2513 |   3 | 1092.7 |
               +--------+--------+--------+--------+--------+-----+--------+

Top non-repeatable levels by time:
     D:3: 1137 daAuts
     D:1: 1127 daAuts
     D:2: 1014 daAuts
